 Dungeon Sprint DCSS version 0.21.0-25-ge575cb9 (webtiles) character file.

82584 wojtek the Executioner (level 14, -4/147 (148) HPs)
             Began as a Minotaur Berserker on Jan 24, 2018.
             Was the Champion of Trog.
             Shot with an arrow by Nessos (5 damage)
             ... in the Dungeon (Sprint III: "The Ten Rune Challenge").
             The game lasted 00:29:34 (9367 turns).

wojtek the Executioner (Minotaur Berserker)         Turns: 9367, Time: 00:29:36

HP:   -4/147 (148)  AC: 21    Str: 26    XL:     14   Next: 35%
MP:   19/19         EV: 13    Int:  4    God:    Trog [******]
Gold: 2260          SH:  0    Dex:  6    Spells: 13/13 levels left

rFire    . . .     SeeInvis +   B - +10 battleaxe of Death {elec, rElec rC+ rN+}
rCold    + + .     Gourm    .   (shield currently unavailable)
rNeg     + + .     Faith    .   y - +0 plate armour
rPois    .         Spirit   .   F - +0 hat
rElec    +         Reflect  .   k - +0 cloak
rCorr    .         Harm     .   (no gloves)
MR       +++..     NoTele   +   (no boots)
Stlth    ..........             (no amulet)
HPRegen  0.34/turn              C - ring of Towy {rC+ rN+ MR+ Dex-5 SInv}
MPRegen  0.16/turn              D - ring of protection from magic

@: lethally poisoned (-4 -> -92)
A: retaliatory headbutt, horns 2
}: 2/10 runes: decaying, barnacled
a: Berserk, Trog's Hand, Brothers in Arms, Burn Spellbooks, Renounce Religion


You were in the Dungeon.
You worshipped Trog.
Trog was exalted by your worship.
You were not hungry.

You visited 1 branch You collected 6804 gold pieces.
You spent 4544 gold pieces at shops.

Inventory:

Hand Weapons
 u - a +7 battleaxe of freezing
 v - a +3 broad axe of electrocution
 x - a +5 vampiric executioner's axe
 z - a +5 antimagic battleaxe
 B - the +10 battleaxe of Death (weapon) {elec, rElec rC+ rN+}
   (Trog gifted it to you in the Dungeon)

   Occasionally, upon striking a foe, it will discharge some electrical energy
   and cause terrible harm.
   It protects you from cold.
   It insulates you from electricity.
   It protects you from negative energy.
 G - a +3 broad axe of chopping
 H - a +2 battleaxe of flaming
 K - a +3 antimagic battleaxe
 M - a +3 executioner's axe of chopping
 S - a +4 battleaxe of venom
 T - a +5 executioner's axe of chopping
 Y - the +6 executioner's axe "Joobor" {venom, +Fly rN++ MR- Stlth+}
   (Trog gifted it to you in the Dungeon)

   It poisons the flesh of those it strikes.
   It greatly protects you from negative energy.
   It affects your resistance to hostile enchantments.
   It lets you fly.
   It makes you more stealthy.
Missiles
 w - 10 throwing nets (quivered)
Armour
 k - a +0 cloak (worn)
 t - a +0 ring mail
 y - a +0 plate armour (worn)
 A - a +1 ring mail of magic resistance
 E - a +1 chain mail of cold resistance
 F - a +0 hat (worn)
 L - a +1 chain mail of magic resistance
 W - a +2 chain mail of poison resistance
 X - +0 storm dragon scales
Jewellery
 C - the ring of Towy (left hand) {rC+ rN+ MR+ Dex-5 SInv}
   (You bought it in a shop in the Dungeon)

   [ring of positive energy]

   It affects your dexterity (-5).
   It protects you from cold.
   It protects you from negative energy.
   It affects your resistance to hostile enchantments.
   It lets you see invisible.
 D - a ring of protection from magic (right hand)
Wands
 b - a wand of digging (9)
 O - a wand of disintegration (26)
 U - a wand of iceblast (7)
 V - a wand of paralysis (6)
Scrolls
 i - 3 scrolls of blinking
 m - a scroll of holy word {unknown}
 n - 9 scrolls of identify
 o - a scroll of magic mapping
 p - a scroll of torment {unknown}
 q - 2 scrolls of fear
 I - a scroll of fog
 J - a scroll of remove curse
Potions
 a - a potion of resistance
 d - 6 potions of curing
 e - 2 potions of heal wounds
 f - 4 potions of haste
 g - 2 potions of magic
 h - 3 potions of berserk rage
 l - 4 potions of mutation
 r - a potion of flight {unknown}
 s - a potion of might
 P - 2 potions of invisibility {unknown}
 R - a potion of brilliance {unknown}
Books
 Q - a book of Changes

   Spells                             Type                      Level
   a - Beastly Appendage              Transmutation                1
   b - Sticks to Snakes               Transmutation                2
   c - Spider Form                    Transmutation/Poison         3
   d - Ice Form                       Ice/Transmutation            4
   e - Blade Hands                    Transmutation                5
   Trog disapproves of the use of such an item.
Miscellaneous
 j - 2 phantom mirrors
Comestibles
 c - 13 rations
 N - 5 chunks of flesh


   Skills:
 + Level 20.2 Fighting
 * Level 26.4 Axes
 + Level 20.1 Armour
 + Level 18.7 Dodging
 * Level 8.8 Evocations


You had 13 spell levels left.
You didn't know any spells.

Dungeon Overview and Level Annotations

Branches:
Dungeon (1/1)

Altars:
Cheibriados
Dithmenos
Elyvilon
Fedhas
Gozag
Hepliaklqana
Kikubaaqudgha
Makhleb
Nemelex Xobeh
Okawaru
Qazlal
Ru
Sif Muna
Trog
Uskayaw
Vehumet
Wu Jian
Xom
Yredelemnul
Zin
The Shining One
Beogh
Jiyva
Lugonu

Shops:
D ?(::}(?%}!%[(}}:%[?!%(=?

Annotations:
D Nessos


Innate Abilities, Weirdness & Mutations

You reflexively headbutt those who attack you in melee.
You have a pair of horns on your head.


Message History

You feel very sick.
Nessos shoots an arrow.
The arrow hits you!!
* * * LOW HITPOINT WARNING * * *
The arrow burns you.
You are more poisoned.
* * * LOW HITPOINT WARNING * * *
You see here an arrow.
You close the door.
* * * LOW HITPOINT WARNING * * *
You feel very sick.
Nessos shoots an arrow.
The arrow hits you!
* * * LOW HITPOINT WARNING * * *
The arrow burns you.
You are more poisoned.
* * * LOW HITPOINT WARNING * * *
Nessos shoots an arrow.
The arrow hits you!
* * * LOW HITPOINT WARNING * * *
The arrow burns you.
You are more poisoned.
You die...

,,,,,,#...###...###..#≈≈≈.#..#.≈.
,,,,,,#...# ##.##∩#..#....#).#...
******########.#..#..####'#######
,*,,,*#......#'#'##.)#.#.#.#.#.#.
,+,,,*#......#.'..+..'#.#.#.#.#.#
,*,,,*#.....)#.####..#.#.#.#.#.#.
***+**#.....)'.#.########▓▓▓▓▓▓▓▓
,,,,* #.....)###.#§§§§...*,,,,+,,
******#.###..#c.@#(§§§§..*,,,,*,,
,,,,,*#.#^#..'...+§§§....+,,,,*,,
,,,,,*#.###..#.(.#§..§...*,,,,*,,
,,,,,*#......###(#.......*,,,,*,,
******########...########*,,,,*,,
▓▓▓▓▓ ********


You could see Nessos.

Vanquished Creatures
  Boris (D)
  An Executioner (D)
  A kraken (D)
  Harold (D)
  Gastronok (D)
  Roxanne (D)
  A storm dragon (D)
  2 dire elephants (D)
  A mummy priest (D)
  Erolcha (D)
  3 hydras (D)
  A vault guard (D)
  2 hell beasts (D)
  2 alligator snapping turtles (D)
  4 death yaks (D)
  A titan zombie (D)
  Urug (D)
  2 deep elf knights (D)
  A death drake (D)
  A skeletal warrior (D)
  A spectral iron dragon (D)
  A spriggan druid (D)
  A spectral hydra (D)
  An orange crystal statue (D)
  An anaconda zombie (D)
  A lindwurm (D)
  Joseph (D)
  2 crystal guardians (D)
  A deep elf mage (D)
  2 oklob plants (D)
  An elephant (D)
  2 black mambas (D)
  4 statues (D)
  2 spiny frogs (D)
  A rime drake (D)
  A komodo dragon (D)
  A queen bee (D)
  2 hornets (D)
  2 tyrant leeches (D)
  5 slime creatures (D)
  An orc high priest (D)
  8 blink frogs (D)
  4 snapping turtles (D)
  A shadow (D)
  3 wandering mushrooms (D)
  2 spriggans (D)
  5 redbacks (D)
  2 iron troll simulacra (D)
  A spatial vortex (D)
  A hydra simulacrum (D)
  A swamp drake (D)
  An orc warrior (D)
  A necrophage (D)
  A fire dragon simulacrum (D)
  5 two-headed ogres (D)
  2 swamp dragon skeletons (D)
  A water elemental (D)
  32 killer bees (D)
  7 electric eels (D)
  A jelly (D)
  A wizard (D)
  An orc priest (D)
  Crazy Yiuf (D)
  Jessica (D)
  A necromancer (D)
  A polar bear simulacrum (D)
  A wolf simulacrum (D)
  3 humans (D)
  A kobold demonologist (D)
  An ooze (D)
  2 rats (D)
  A ballistomycete (D)
  A fungus (D)
  5 plants (D)
163 creatures vanquished.

Vanquished Creatures (collateral kills)
  Nikola (D)
  Rupert (D)
  A deep elf knight (D)
  4 orc high priests (D)
  2 sun demons (D)
  2 soul eaters (D)
  A shadow wraith (D)
  2 anaconda zombies (D)
  A golden dragon zombie (D)
  2 death drakes (D)
  An orc knight (D)
  2 crystal guardians (D)
  An elephant (D)
  2 ice devils (D)
  3 orc warriors (D)
  An electric eel (D)
  3 orc priests (D)
  5 orc wizards (D)
  4 orcs (D)
  A plant (D)
40 creatures vanquished.

Vanquished Creatures (others)
  2 draconian scorchers (D)
  A skeletal warrior (D)
  3 yaktaurs (D)
  6 hellions (D)
  A hornet (D)
  5 ball lightnings (D)
  2 ballistomycetes (D)
  3 ballistomycete spores (D)
  15 plants (D)
  4 tentacles (D)
42 creatures vanquished.

Grand Total: 245 creatures vanquished

Notes
Turn   | Place    | Note
-------+----------+-------------------------------------------
     0 | D        | wojtek the Minotaur Berserker began the quest for the Orb.
     0 | D        | Reached XP level 1. HP: 19/19 MP: 0/0
     3 | D        | Reached skill level 4 in Axes
    11 | D        | Noticed Jessica
    14 | D        | Killed Jessica
    14 | D        | Reached ** piety under Trog
    14 | D        | Reached skill level 5 in Axes
    14 | D        | Reached XP level 2. HP: 23/28 MP: 1/1
    14 | D        | Reached XP level 3. HP: 29/35 MP: 2/2
    74 | D        | Reached skill level 5 in Fighting
    74 | D        | Reached skill level 6 in Axes
    85 | D        | Killed a hellion
    91 | D        | Killed a hellion
    91 | D        | Killed a hellion
    92 | D        | Killed a hellion
    92 | D        | Killed a hellion
   121 | D        | Noticed Crazy Yiuf
   128 | D        | Killed Crazy Yiuf
   128 | D        | Reached *** piety under Trog
   128 | D        | Reached skill level 7 in Axes
   128 | D        | Reached XP level 4. HP: 44/44 MP: 3/3
   164 | D        | Killed a hellion
   167 | D        | Killed a white draconian scorcher
   168 | D        | Killed a white draconian scorcher
   183 | D        | Noticed a water elemental
   185 | D        | Killed a water elemental
   185 | D        | Reached skill level 8 in Axes
   185 | D        | Reached skill level 5 in Armour
   185 | D        | Reached skill level 5 in Dodging
   189 | D        | Found a radiant altar of Vehumet.
   189 | D        | Found a deep blue altar of Sif Muna.
   189 | D        | Found an ancient bone altar of Kikubaaqudgha.
   189 | D        | Noticed a wizard
   196 | D        | Reached XP level 5. HP: 39/51 MP: 4/4
   198 | D        | Reached **** piety under Trog
   198 | D        | Reached skill level 9 in Axes
   272 | D        | Found a glowing silver altar of Zin.
   273 | D        | Found a glowing golden altar of the Shining One.
   273 | D        | Found a white marble altar of Elyvilon.
   273 | D        | Noticed a deep elf mage
   274 | D        | Killed a yaktaur
   278 | D        | Killed a deep elf mage
   278 | D        | Reached ***** piety under Trog
   278 | D        | Reached skill level 11 in Axes
   278 | D        | Reached XP level 6. HP: 59/63 MP: 5/5
   278 | D        | Reached XP level 7. HP: 66/70 MP: 6/6
   301 | D        | Found a hide-covered altar of Uskayaw.
   301 | D        | Found a roughly hewn altar of Beogh.
   301 | D        | Found an iron altar of Okawaru.
   301 | D        | Found a bloodstained altar of Trog.
   301 | D        | Found an ornate altar of the Wu Jian Council.
   301 | D        | Noticed a human
   302 | D        | Noticed a human
   306 | D        | Killed a human
   306 | D        | Received a gift from Trog
   306 | D        | Reached skill level 12 in Axes
   312 | D        | Killed a human
   472 | D        | Found a shadowy altar of Dithmenos.
   478 | D        | Reached skill level 13 in Axes
   479 | D        | Found a basalt altar of Yredelemnul.
   479 | D        | Found a sacrificial altar of Ru.
   479 | D        | Reached skill level 10 in Fighting
   628 | D        | Noticed a shadow
   638 | D        | Killed a shadow
   638 | D        | Reached XP level 8. HP: 51/78 MP: 7/7
   754 | D        | Found a blossoming altar of Fedhas.
   754 | D        | Found a stormy altar of Qazlal.
   754 | D        | Found a snail-covered altar of Cheibriados.
   754 | D        | Found a burning altar of Makhleb.
   754 | D        | Found a shimmering altar of Xom.
   755 | D        | Found a hazy altar of Hepliaklqana.
   755 | D        | Found an opulent altar of Gozag.
   755 | D        | Found a sparkling altar of Nemelex Xobeh.
   755 | D        | Found a corrupted altar of Lugonu.
   755 | D        | Found a viscous altar of Jiyva.
   762 | D        | Reached skill level 10 in Armour
   807 | D        | Received a gift from Trog
   809 | D        | Reached skill level 14 in Axes
   875 | D        | Noticed a two-headed ogre
   880 | D        | Killed a two-headed ogre
   880 | D        | Reached skill level 10 in Dodging
   890 | D        | Noticed a two-headed ogre
   890 | D        | Noticed Erolcha
   895 | D        | Killed Erolcha
   895 | D        | Reached skill level 15 in Axes
   895 | D        | Reached XP level 9. HP: 63/89 MP: 8/8
   900 | D        | Killed a two-headed ogre
   902 | D        | Reached ****** piety under Trog
   902 | D        | Reached skill level 16 in Axes
  1209 | D        | Noticed an orc high priest
  1209 | D        | Noticed an orc high priest
  1214 | D        | Noticed an orc high priest
  1214 | D        | Killed an orc high priest
  1215 | D        | Found a roughly hewn altar of Beogh.
  1215 | D        | Found Onimutet's Book Shop.
  1217 | D        | Received a gift from Trog
  1223 | D        | Killed an orc high priest
  1224 | D        | Noticed a rust devil
  1227 | D        | Received a gift from Trog
  1228 | D        | Reached XP level 10. HP: 71/99 MP: 9/9
  1231 | D        | Killed an orc high priest
  1231 | D        | Reached skill level 17 in Axes
  1412 | D        | Received a gift from Trog
  1430 | D        | Received a gift from Trog
  1466 | D        | Reached skill level 18 in Axes
  1566 | D        | Received a gift from Trog
  1583 | D        | Got a slimy battleaxe {god gift}
  1601 | D        | Noticed a spiny frog
  1601 | D        | Noticed a spiny frog
  1609 | D        | Killed a spiny frog
  1620 | D        | Killed a spiny frog
  1636 | D        | HP: 5/102 [poisoned by a spiny frog]
  1642 | D        | HP: 5/102 [poisoned by a spiny frog]
  1647 | D        | HP: 5/102 [poisoned by a spiny frog]
  2028 | D        | Reached XP level 11. HP: 109/109 MP: 10/10
  2031 | D        | Reached skill level 19 in Axes
  2034 | D        | Received a gift from Trog
  2062 | D        | Noticed Rupert
  2066 | D        | Killed Rupert
  2082 | D        | Noticed a dire elephant
  2084 | D        | Noticed a dire elephant
  2089 | D        | Killed a dire elephant
  2096 | D        | Killed a dire elephant
  2096 | D        | Received a gift from Trog
  2096 | D        | Reached skill level 15 in Fighting
  2096 | D        | Reached skill level 20 in Axes
  2096 | D        | Reached skill level 15 in Armour
  2113 | D        | Noticed an azure jelly
  2113 | D        | Noticed an azure jelly
  2113 | D        | Noticed an azure jelly
  2115 | D        | Noticed Gastronok
  2115 | D        | Noticed an azure jelly
  2122 | D        | Killed Gastronok
  2122 | D        | Received a gift from Trog
  2213 | D        | Noticed a death yak
  2214 | D        | Noticed a death yak
  2216 | D        | Noticed a death yak
  2225 | D        | Killed a death yak
  2230 | D        | Killed a death yak
  2237 | D        | Killed a death yak
  2237 | D        | Reached skill level 21 in Axes
  2238 | D        | Noticed a death yak
  2243 | D        | Killed a death yak
  2245 | D        | Received a gift from Trog
  2245 | D        | Reached XP level 12. HP: 57/121 MP: 11/11
  2563 | D        | Reached skill level 15 in Dodging
  2818 | D        | Noticed a kraken
  2828 | D        | Killed a kraken
  3089 | D        | Noticed an alligator snapping turtle
  3165 | D        | Killed an alligator snapping turtle
  3165 | D        | Received a gift from Trog
  3165 | D        | Reached skill level 22 in Axes
  3324 | D        | Found Afoekhly's Magic Scroll Shoppe.
  3324 | D        | Found Gerer's Antique Weapon Boutique.
  3324 | D        | Found Feeqapt's Book Shop.
  3324 | D        | Noticed an alligator snapping turtle
  3341 | D        | Killed an alligator snapping turtle
  3357 | D        | Bought a scroll of fog for 24 gold pieces
  3357 | D        | Bought a scroll of fear for 42 gold pieces
  3357 | D        | Bought a scroll of magic mapping for 42 gold pieces
  3360 | D        | Got a barnacled rune of Zot
  3365 | D        | Bought a scroll of remove curse for 36 gold pieces
  3589 | D        | Received a gift from Trog
  3592 | D        | Noticed Urug
  3595 | D        | Killed Urug
  3620 | D        | Noticed a six-headed hydra
  3620 | D        | Noticed a seven-headed hydra
  3628 | D        | Killed a nine-headed hydra
  3633 | D        | Killed an 11-headed hydra
  3998 | D        | Received a gift from Trog
  3998 | D        | Reached skill level 23 in Axes
  4271 | D        | Found a blossoming altar of Fedhas.
  4695 | D        | Found Ysug's Gadget Emporium.
  4695 | D        | Found Goisyxta's Antique Weapon Shop.
  4698 | D        | Found Mir Exuesh's Magic Scroll Shoppe.
  4741 | D        | Received a gift from Trog
  5124 | D        | Noticed Harold
  5124 | D        | Noticed Joseph
  5130 | D        | Killed Harold
  5130 | D        | Reached XP level 13. HP: 104/132 MP: 12/12
  5136 | D        | Killed Joseph
  5136 | D        | Received a gift from Trog
  5746 | D        | Received a gift from Trog
  5753 | D        | Reached skill level 24 in Axes
  5994 | D        | Noticed Boris
  6013 | D        | Killed Boris
  6030 | D        | Received a gift from Trog
  6621 | D        | Found Saphesuc's Gadget Emporium.
  6621 | D        | Found Plog's Food Shop.
  6621 | D        | Found Fuyh Lavye's Distillery.
  6621 | D        | Found Nichikaff's Armour Shoppe.
  6625 | D        | Reached skill level 25 in Axes
  6628 | D        | Bought a wand of iceblast (7) for 132 gold pieces
  6628 | D        | Bought a wand of paralysis (6) for 96 gold pieces
  6631 | D        | Bought a +2 chain mail of poison resistance for 259 gold pieces
  6647 | D        | Noticed a mummy priest
  6652 | D        | Noticed a jiangshi
  6652 | D        | Noticed a jiangshi
  6653 | D        | Reached skill level 1 in Evocations
  6672 | D        | Killed a mummy priest
  7021 | D        | Noticed a storm dragon
  7036 | D        | Killed a storm dragon
  7266 | D        | Noticed Nikola
  7294 | D        | Killed Nikola
  7294 | D        | Reached skill level 5 in Evocations
  7331 | D        | Received a gift from Trog
  7382 | D        | Got a transparent executioner's axe {god gift}
  7684 | D        | Bought a scroll of blinking for 90 gold pieces
  7684 | D        | Bought a scroll of blinking for 90 gold pieces
  8045 | D        | Reached XP level 14. HP: 132/147 MP: 17/17
  8054 | D        | Got a decaying rune of Zot
  8636 | D        | Found Sonun's Distillery.
  8636 | D        | Found Adoxoipu's Magic Scroll Shoppe.
  8636 | D        | Found Noeraq's Antique Armour Emporium.
  8636 | D        | Found Taorod's Book Boutique.
  8636 | D        | Found Paiwn's Magic Scroll Emporium.
  8636 | D        | Found Feloesmi's Jewellery Shop.
  8636 | D        | Found Gaffa's Food Boutique.
  8636 | D        | Found Pabbe's Gadget Shoppe.
  8636 | D        | Found Miedi's Antique Weapon Emporium.
  8636 | D        | Found Forchyuz's Gadget Shop.
  8636 | D        | Found Xugaick's Food Boutique.
  8636 | D        | Found Dauduasy's Weapon Emporium.
  8648 | D        | Bought a phantom mirror for 390 gold pieces
  8650 | D        | Bought a shimmering crystal plate armour for 2380 gold pieces
  8653 | D        | Bought a potion of curing for 30 gold pieces
  8653 | D        | Bought a potion of resistance for 100 gold pieces
  8687 | D        | Bought the ring of Towy {rC+ rN+ MR+ Dex-5 SInv} for 333 gold pieces
  8687 | D        | Bought an uncursed ring of fire for 250 gold pieces
  8697 | D        | Identified the +1 crystal plate armour of Hepliaklqana's Envy {*Corrode MR+ Str+3 Int+4} (You bought it in a shop in the Dungeon)
  8728 | D        | Identified the +10 battleaxe of Death {elec, rElec rC+ rN+} (Trog gifted it to you in the Dungeon)
  8729 | D        | Identified the +6 executioner's axe "Joobor" {venom, +Fly rN++ MR- Stlth+} (Trog gifted it to you in the Dungeon)
  8739 | D        | Bought an uncursed ring of protection from magic for 250 gold pieces
  8785 | D        | Noticed Roxanne
  8794 | D        | Killed Roxanne
  8845 | D        | Received a gift from Trog
  8851 | D        | Reached skill level 26 in Axes
  8869 | D        | Received a gift from Trog
  9048 | D        | Found Jiwnazuy's Food Boutique.
  9306 | D        | Noticed an Executioner
  9313 | D        | Killed an Executioner
  9313 | D        | Received a gift from Trog
  9353 | D        | Noticed Nessos
  9367 | D        | HP: 1/147 [Nessos/arrow (12)]
  9367 | D        | Shot with an arrow by Nessos

Skill      XL: |  1  2  3  4  5  6  7  8  9 10 11 12 13 14 |
---------------+-------------------------------------------+-----
Fighting       | 4 5 6 9 10 11 12 14 16 17 19 20 | 20.2
Axes           | 5 7 8 11 13 15 16 18 21 23 25 26 | 26.4
Armour         | 4 5 8 9 11 12 14 16 17 19 20 | 20.1
Dodging        | 3 4 5 7 9 10 11 13 14 16 18 | 18.7
Evocations     | 5 8 |  8.8

Action                   |  1- 3 |  4- 6 |  7- 9 | 10-12 | 13-15 || total
-------------------------+-------+-------+-------+-------+-------++-------
Melee: Hand axe          |    12 |    10 |    38 |       |       ||    60
       Headbutt          |     2 |       |    17 |    65 |    49 ||   133
       Broad axe         |       |       |    16 |     2 |       ||    18
       Executioner's axe |       |       |       |   245 |   164 ||   409
       Battleaxe         |       |       |       |       |    40 ||    40
Throw: Throwing net      |       |       |       |       |     1 ||     1
Invok: Berserk           |     2 |     1 |     3 |     3 |     1 ||    10
       Burn Spellbooks   |       |     1 |     1 |       |     1 ||     3
       Brothers in Arms  |       |       |     2 |     4 |    14 ||    20
Evoke: Wand              |       |       |       |     1 |       ||     1
  Use: Potion            |       |       |       |     1 |     1 ||     2
       Scroll            |       |       |       |     1 |       ||     1
 Stab: Held in net/web   |       |       |       |       |     1 ||     1
  Eat: Chunk             |       |     1 |     5 |    11 |     4 ||    21
       Ration            |       |       |       |     4 |     4 ||     8
Armor: Ring mail         |       |       |     3 |       |       ||     3
       Plate armour      |       |       |       |   121 |    58 ||   179
       Chain mail        |       |       |       |     1 |    38 ||    39
       Storm dragon scal |       |       |       |       |     9 ||     9
Dodge: Dodged            |     9 |    10 |    32 |   175 |   137 ||   363
